 Dungeon Crawl Stone Soup version 0.19.1 (webtiles) character file.

203 LORDOFBUTT the Shield-Bearer (level 6, 0/48 HPs)
             Began as a Formicid Fighter on Dec 27, 2016.
             Slain by an orc
             ... wielding a +0 trident
              (5 damage)
             ... on level 3 of the Dungeon.
             The game lasted 00:03:16 (1911 turns).

LORDOFBUTT the Shield-Bearer (Formicid Fighter)     Turns: 1911, Time: 00:03:16

Health: 0/48       AC: 10    Str: 26    XL:     6   Next: 8%
Magic:  6/6        EV:  8    Int:  7    God:
Gold:   107        SH: 10    Dex: 12    Spells: 0 memorised, 5 levels left

rFire  . . .     SeeInvis +     a - +0 war axe
rCold  . . .     Gourm    .     b - +0 scale mail
rNeg   . . .     Faith    .     c - +0 shield
rPois  .         Spirit   .     (helmet unavailable)
rElec  .         Reflect  .     (no cloak)
rCorr  .         Harm     .     i - +2 pair of gloves
MR     .....                    (no boots)
Stlth  ..........               (no amulet)
                                (no ring)
                                (no ring)

@: mighty
A: permanent stasis, dig shafts and tunnels, four strong arms, antennae 3
a: Dig, Shaft Self


You were on level 3 of the Dungeon.
You were not hungry.

You visited 1 branch of the dungeon, and saw 3 of its levels.

You collected 107 gold pieces.

Inventory:

Hand Weapons
 a - a +0 war axe (weapon)
Armour
 b - a +0 scale mail (worn)
 c - a +0 shield (worn)
 i - a +2 pair of gloves (worn)
Scrolls
 e - a scroll of fear {unknown}
 g - a scroll of amnesia {unknown}
 h - 2 scrolls of recharging {unknown}
 j - a scroll of identify {unknown}
 m - 2 scrolls of remove curse
 p - a scroll of fog {unknown}
Potions
 d - a potion of might
 k - a potion of degeneration {unknown}
 l - a potion of agility {unknown}
 o - 2 potions of flight {unknown}
Comestibles
 f - 2 bread rations
 n - a chunk of flesh


   Skills:
 + Level 4.2 Fighting
 + Level 3.3 Axes
 + Level 4.2 Armour
 * Level 5.3 Shields


You had 5 spell levels left.
You didn't know any spells.

Dungeon Overview and Level Annotations

Branches:
Dungeon (3/15)

Altars:
Xom


Innate Abilities, Weirdness & Mutations

You are under a permanent stasis effect.
You can dig through walls and to a lower floor.
Your four strong arms can wield two-handed weapons with a shield.
You have a pair of large antennae on your head. (SInv)


Message History

The orc wizard hits you with a dagger.
* * * LOW HITPOINT WARNING * * *
You block the orc's attack.
You slash the orc wizard!
The orc wizard is almost dead.
Your scale mail prevents you from hitting the orc.
The orc wizard hits you but does no damage.
You block the orc's attack. You block the orc wizard's attack.
The orc hits you but does no damage.
You closely miss the orc wizard.
The orc wizard is almost dead.
You closely miss the orc.
The orc wizard gestures wildly while chanting.
The orc hits you from afar with a trident.
* * * LOW HITPOINT WARNING * * *
The orc wizard hits you with a dagger.
* * * LOW HITPOINT WARNING * * *
You block the orc's attack.
The orc hits you from afar with a trident.
You die...

#.# #.#.##.#.##...........
#.# ##.#....#....####...#.#
#.# #....#######.# ##.##.#
#.# #..#....#..(.#####.##.#
#.###..#.#..#..........##..
#...........#.###########..
#####..#.##...# ########..
#..#.#...## ##.....###.
#.....@..# ##.#.##.###.
##..#)oo.###.###.......
##...o.....## ##......
#..........###...####
#.........#.#.####
####...#.....## #...#.#####
# .#.###...#.# #
#..........############


You could see an orc wizard and 2 orcs.

Vanquished Creatures
  2 orc priests (D:3)
  An orc wizard (D:3)
  4 adders
  An ooze (D:1)
  A dart slug (D:1)
  3 leopard geckos
  8 orcs (D:3)
  9 bats
  5 giant cockroaches
  10 goblins
  3 hobgoblins (D:2)
  3 jackals (D:1)
  3 quokkas (D:3)
  8 kobolds
  5 rats
66 creatures vanquished.

Notes
Turn   | Place    | Note
-------+----------+-------------------------------------------
     0 | D:1      | LORDOFBUTT the Formicid Fighter began the quest for the Orb.
     0 | D:1      | Reached XP level 1. HP: 18/18 MP: 1/1
    99 | D:1      | Reached XP level 2. HP: 17/24 MP: 2/2
   502 | D:1      | Reached XP level 3. HP: 19/29 MP: 3/3
   606 | D:1      | Reached skill level 4 in Shields
  1004 | D:2      | Reached XP level 4. HP: 33/37 MP: 4/4
  1394 | D:3      | Found a shimmering altar of Xom.
  1486 | D:3      | Reached XP level 5. HP: 42/42 MP: 5/5
  1622 | D:3      | Reached skill level 5 in Shields
  1654 | D:3      | Reached XP level 6. HP: 19/48 MP: 6/6
  1911 | D:3      | Slain by an orc

Skill      XL: |  1  2  3  4  5 |
---------------+----------------+-----
Shields        | 4 5 |  5.3
Armour         | 4 |  4.2
Axes           | 3 |  3.3
Fighting       | 4 |  4.2

Action                   |  1- 3 |  4- 6 || total
-------------------------+-------+-------++-------
Melee: War axe           |   116 |   131 ||   247
  Use: Scroll            |       |     1 ||     1
       Potion            |       |     1 ||     1
  Eat: Fruit             |       |     4 ||     4
       Pizza             |       |     1 ||     1
       Chunk             |       |     1 ||     1
Armor: Scale mail        |    43 |    81 ||   124
Dodge: Dodged            |    44 |    49 ||    93
Block: Shield            |    73 |    85 ||   158
